 Dungeon Crawl Stone Soup version 0.17-a0-129-g9432df0 (webtiles) character file.

624 Kisielow the Covered (level 7, -4/61 HPs)
             Began as a Hill Orc Fighter on Mar 24, 2015.
             Killed by divine providence
             ... invoked by an orc priest
              (13 damage)
             ... on level 5 of the Dungeon.
             The game lasted 00:11:01 (4163 turns).

Kisielow the Covered (Hill Orc Fighter)             Turns: 4163, Time: 00:11:01

Health: -4/61      AC: 15    Str: 26    XL:     7   Next: 47%
Magic:  16/16      EV:  6    Int:  8    God:
Gold:   193        SH: 10    Dex: 10    Spells: 0 memorised, 6 levels left

rFire  . . .     SeeInvis .     a - +0 war axe
rCold  + . .     Clarity  .     u - +3 chain mail {rC+}
rNeg   + . .     SustAb   .     c - +0 shield
rPois  .         Gourm    .     (no helmet)
rElec  .         Spirit   .     b - +0 cloak
rCorr  .         Warding  .     (no gloves)
rMut   .         Stasis   .     x - +0 pair of boots
MR     .....                    (no amulet)
Stlth  ..........               h - ring of positive energy
                                y - ring of magical power

@: mighty, not resistant to hostile enchantments, extremely unstealthy
A: no striking features
a: Convert to Beogh


You were on level 5 of the Dungeon.
You were very hungry.

You visited 1 branch of the dungeon, and saw 5 of its levels.

You collected 193 gold pieces.

Inventory:

Hand weapons
 a - a +0 war axe (weapon)
Armour
 b - a +0 cloak (worn)
 c - a +0 shield (worn)
 u - a +3 chain mail of cold resistance (worn)
 x - a +0 pair of boots (worn)
Jewellery
 h - a ring of positive energy (right hand)
 y - a ring of magical power (left hand)
Scrolls
 g - 2 scrolls of remove curse
 j - 2 scrolls of teleportation {unknown}
 m - 3 scrolls of identify
Potions
 e - 2 potions of might
 o - a potion of cure mutation {unknown}
 p - 2 potions of curing
 q - a potion of restore abilities {unknown}
 v - a potion of berserk rage {unknown}
 w - a potion of lignification {unknown}
Books
 f - a book of Summonings

   Spells                             Type                      Level
   a - Abjuration                     Summoning                    3
   b - Recall                         Summoning/Translocation      3
   c - Shadow Creatures               Summoning                    5
   d - Summon Demon                   Summoning                    5
   e - Summon Forest                  Summoning/Translocation      5
   f - Monstrous Menagerie            Summoning                    6
 r - a book of the Earth

   Spells                             Type                      Level
   a - Leda's Liquefaction            Hexes/Earth                  4
   b - Bolt of Magma                  Conjuration/Fire/Earth       5
   c - Statue Form                    Transmutation/Earth          6
   d - Iron Shot                      Conjuration/Earth            6
   e - Shatter                        Earth                        9
Comestibles
 d - 4 meat rations
 i - a beef jerky
 k - a slice of pizza
 n - 3 bread rations


   Skills:
 * Level 5.5 Fighting
 * Level 5.7 Axes
 * Level 5.7 Armour
 * Level 5.4 Shields


You had 6 spell levels left.
You didn't know any spells.

Dungeon Overview and Level Annotations

Branches:
Dungeon (5/15)
 Temple: D:4-7

Altars:
Dithmenos


Message History

The orc priest is almost dead.
You block the orc priest's attack.
The orc priest hits you but does no damage.
You block the orc priest's attack.
You barely miss the orc priest.
The orc priest is almost dead.
The orc priest calls upon Beogh to heal the orc priest.
The orc priest is healed somewhat.
The orc priest hits you but does no damage.
You block the orc priest's attack.
Your shield and chain mail prevent you from hitting the orc priest.
The orc priest is heavily wounded.
You block the orc priest's attack.
The orc priest hits you but does no damage.
Drink which item? (? for menu, Esc to quit)
You feel very mighty all of a sudden.
The orc priest hits you but does no damage.
The orc priest calls down the wrath of Beogh upon you.
Something smites you!
You die...

### ### #.. ..# #.#
#.# ..### #.# #.#
.......#####.####.#
.......oo@.....##.#
...###.#####.#.##<#
# ##.#.##.#
##....##.#
#........#
##...##### ##.##
##.# ##..#


You could see 2 orc priests.

Vanquished Creatures
  An ice beast (D:5)
  Duvessa (D:4)
  Dowan (D:4)
  2 giant frog zombies (D:5)
  An orc priest (D:4)
  4 orc wizards
  4 worker ants (D:4)
  A hound skeleton (D:4)
  3 adders
  2 worms
  An adder skeleton (D:4)
  4 giant geckos
  An ooze (D:1)
  6 orcs (D:4)
  A ball python (D:4)
  A bat skeleton (D:5)
  2 giant cockroaches
  9 hobgoblins
  2 quokkas
  6 bats
  3 giant newts
  12 goblins
  8 kobolds
  9 rats
85 creatures vanquished.

Notes
Turn   | Place    | Note
--------------------------------------------------------------
     0 | D:1      | Kisielow, the Hill Orc Fighter, began the quest for the Orb.
     0 | D:1      | Reached XP level 1. HP: 19/19 MP: 1/1
   243 | D:1      | Reached XP level 2. HP: 26/26 MP: 2/2
   969 | D:2      | Reached XP level 3. HP: 33/33 MP: 3/3
  1295 | D:2      | Reached skill level 4 in Fighting
  1789 | D:3      | Reached XP level 4. HP: 23/40 MP: 4/4
  2831 | D:4      | Reached XP level 5. HP: 45/47 MP: 5/5
  2892 | D:5      | Entered Level 5 of the Dungeon
  3004 | D:5      | Noticed an ice beast
  3142 | D:4      | Noticed Duvessa
  3145 | D:4      | Noticed Dowan
  3167 | D:4      | Killed Duvessa
  3167 | D:4      | Reached skill level 5 in Armour
  3167 | D:4      | Reached XP level 6. HP: 37/53 MP: 6/6
  3200 | D:4      | Killed Dowan
  3425 | D:4      | Reached skill level 5 in Fighting
  3597 | D:4      | Reached skill level 5 in Axes
  3597 | D:4      | Reached skill level 5 in Shields
  3844 | D:5      | Killed an ice beast
  3844 | D:5      | Reached XP level 7. HP: 51/61 MP: 7/7
  4080 | D:5      | Found a shadowy altar of Dithmenos.
  4163 | D:5      | Killed from afar by an orc priest

Action                   |  1- 3 |  4- 6 |  7- 9 || total
-------------------------+-------+-------+-------++-------
Melee: War axe           |   153 |   171 |    53 ||   377
  Use: Potion            |       |     4 |     3 ||     7
       Scroll            |       |     4 |       ||     4
  Eat: Chunk             |     3 |     7 |       ||    10
